 Dungeon Crawl Stone Soup version 0.29-a0-383-g8b6f518c11 (webtiles) character file.

Game seed: 5537840635560399757

37 Artihs the Skirmisher (level 3, -7/29 HPs)
             Began as a Human Fighter on May 6, 2022.
             Mangled by a gnoll
             ... wielding a +0 halberd
              (12 damage)
             ... on level 2 of the Dungeon.
             The game lasted 00:03:06 (1415 turns).

Artihs the Skirmisher (Human Fighter)               Turns: 1415, Time: 00:03:07

Health: -7/29      AC:  6    Str: 16    XL:     3   Next: 62%
Magic:  3/3        EV: 10    Int:  8    God:
Gold:   72         SH:  0    Dex: 14    Spells: 2/2 levels left

rFire   . . .      SeeInvis .   a - +0 rapier
rCold   . . .      Faith    .   (no shield)
rNeg    . . .      Spirit   .   b - +0 scale mail
rPois   .          Reflect  .   (no helmet)
rElec   .          Harm     .   (no cloak)
rCorr   .          Rampage  .   (no gloves)
Will    .....                   (no boots)
Stlth   ..........              (no amulet)
HPRegen 0.09/turn               (no ring)
MPRegen 0.08/turn               (no ring)

@: no status effects
A: no striking features
a: no special abilities


You were on level 2 of the Dungeon.
You visited 1 branch of the dungeon, and saw 2 of its levels.

You collected 72 gold pieces.

Inventory:

Hand Weapons
 a - a +0 rapier (weapon)
Armour
 b - a +0 scale mail (worn)
 c - a +0 buckler
Scrolls
 h - 3 scrolls of identify {unknown}
 i - a scroll of poison {unknown}
 j - a scroll of fog {unknown}
Potions
 d - a potion of might
 e - a potion of brilliance {unknown}
 f - a potion of haste {unknown}
 g - 2 potions of curing {unknown}


   Skills:
 + Level 3.3 Fighting
 + Level 2.3 Short Blades
 + Level 3.2 Armour
 * Level 1.7 Dodging
 - Level 3.0 Shields


You had 2 spell levels left.
You didn't know any spells.
Your spell library contained the following spells:

 Spells                   Type           Power      Damage    Failure   Level
 Beastly Appendage        Tmut           0%         N/A       83%         1
 Wereblood                Tmut           0%         N/A       93%         2
 Spider Form              Tmut/Pois      0%         N/A       99%         3


Dungeon Overview and Level Annotations

Branches:
Dungeon (2/15)

Altars:

Shops:
D:1 !((:!


Message History

The gnoll hits you from afar with a +0 spear.
You hit the gnoll.
The gnoll is moderately wounded.
The gnoll hits you with a +0 whip. The gnoll barely misses you.
You barely miss the gnoll.
The gnoll is moderately wounded.
The gnoll hits you but does no damage. The gnoll closely misses you.
You hit the gnoll but do no damage.
The gnoll is moderately wounded.
The gnoll closely misses you.
A gnoll comes into view. It is wielding a +0 club.
The gnoll barely misses you.
You closely miss the gnoll.
The gnoll is moderately wounded.
The gnoll closely misses you. The gnoll hits you but does no damage.
You barely miss the gnoll.
The gnoll is moderately wounded.
The gnoll barely misses you.
The gnoll hits you from afar with a +0 spear.
You barely miss the gnoll.
The gnoll is moderately wounded.
The gnoll hits you but does no damage.
The gnoll hits you from afar with a +0 spear!
You are too injured to fight recklessly!
You hit the gnoll.
The gnoll is severely wounded.
The gnoll hits you with a +0 whip.
* * * LOW HITPOINT WARNING * * *
The gnoll closely misses you.
You puncture the gnoll!
You kill the gnoll!
The gnoll closely misses you.
There is an open door here.
The gnoll hits you with a +0 spear.
* * * LOW HITPOINT WARNING * * *
You barely miss the gnoll. The gnoll hits you with a +0 spear.
* * * LOW HITPOINT WARNING * * *
You barely miss the gnoll.
The gnoll hits you from afar with a +0 halberd!
You die...

. #.#...## .. #.#....# ...
..# #.#.#..## .... #.#
#.#|#...# .....
#.#####.#.#...#
......#######.#.......##..#
......g.)gg##.#.###.####.)#
$.....####g##.#.#.#.# ##.#
##### #@##.#.#<#.# #.#
#####'##.#.#.#.# #..
#........#.#.#.# #..
#........#...#.# #..
#........###.#.# #..
#............# ####.
#.......####.#+###...|
#.......+........#....
#.......####..(..#....


You could see 3 gnolls.

Vanquished Creatures
  A gnoll (D:2)
  A worm (D:2)
  3 endoplasms (D:1)
  2 giant cockroaches (D:1)
  2 goblins
  3 hobgoblins (D:1)
  3 jackals (D:1)
  2 ball pythons (D:1)
  2 bats (D:1)
  2 frilled lizards (D:1)
  A kobold (D:1)
  2 rats (D:1)
24 creatures vanquished.

Notes
Turn   | Place    | Note
-------+----------+-------------------------------------------
     0 | D:1      | Artihs the Human Fighter began the quest for the Orb.
     0 | D:1      | Reached XP level 1. HP: 18/18 MP: 1/1
    57 | D:1      | Found Puro's Weapon Emporium.
   155 | D:1      | Reached XP level 2. HP: 24/24 MP: 2/2
   216 | D:1      | Found Moacsil's Distillery.
   276 | D:1      | Reached skill level 1 in Dodging
   350 | D:1      | Found Peuco's Book Boutique.
   448 | D:1      | Found a faded altar of an unknown god.
   488 | D:1      | Found Qaesoc's Distillery.
   662 | D:1      | Reached XP level 3. HP: 23/29 MP: 3/3
   787 | D:1      | Found Lebeilue's Weapon Emporium.
  1415 | D:2      | Mangled by a gnoll

Illustrated notes

Levels and vault maps discovered:
D:1:      eino_arrival_druids_welcome, layout_basic,
          hellmonk_ecumenical_altar_pennies_from_heaven, serial_shops, shop,
          nicolae_lakefront_shop, shop, nicolae_lakefront_shop,
          nicolae_shop_behind_doors, minmay_misc_feat_doors
D:2:      layout_basic, uniq_robin

Skill      XL: |  1  2 |
---------------+-------+-----
Dodging        | 1 |  1.7
Fighting       | |  3.3
Short Blades   | |  2.3
Armour         | |  3.2
Shields        | |  3.0

Action                   || total
-------------------------++-------
Melee: Rapier            ||    98
Armor: Scale mail        ||    48
Dodge: Dodged            ||    61

Table legend: (Time is in decaauts)
 A = Elapsed time spent in this place.
 B = Non-inter-level travel time spent in this place.
 C = Inter-level travel time spent in this place.
 D = Time resting spent in this place.
 E = Time spent auto-exploring this place.
 F = Levels seen in this place.
 G = Mean time per level.
                   A        B        C        D        E       F      G
               +--------+--------+--------+--------+--------+-----+--------+
         Total |   1425 |   1409 |     16 |    259 |    940 |   2 |  712.5 |
       Dungeon |   1425 |   1409 |     16 |    259 |    940 |   2 |  712.5 |
               +--------+--------+--------+--------+--------+-----+--------+

Top non-repeatable levels by time:
     D:1: 908 daAuts
     D:2: 517 daAuts
